Map: [ESL] Moondance

Players

Reynor - Winner!

  • Race: Zerg Zerg
  • Spawn Location: 12:00

Bunny

  • Race: Terran Terran
  • Spawn Location: 6:00

Event: DreamHack SC2 Masters 2022 Valencia

VOD

Have the link to the VOD?

Description

Time

  • Played on: July 2, 2022, 11:13 a.m.
  • Length: 5:18

All games in this series

Show
View Real Time Build Order
Export as new Build Order

Reynor Zerg - Winner!

Build Orders: Pool First 

Get SALT Encoding   

  12  0:00  Drone  
  13  0:12  Overlord  
  13  0:16  Drone  
  14  0:30  Drone x2  
  16  0:40  Spawning Pool  
  15  0:43  Drone  
  15  0:47  Drone  
  17  1:07  Hatchery  
  17  1:10  Drone  
  17  1:18  Extractor  
  16  1:26  Zergling x4  
  16  1:28  Zergling x2  
  16  1:32  Roach Warren  
  18  1:39  Drone  
  19  1:46  Queen  
  21  1:54  Overlord  
  21  2:15  Roach x2  
  28  2:22  Roach  
  28  2:23  Roach  
  30  2:30  Roach  
  30  2:35  Queen  
  32  2:43  Roach  
  34  2:49  Overlord  
  34  3:06  Ravager  
  34  3:08  Drone  
  34  3:09  Drone x3  
  34  3:12  Drone  
  40  3:26  Drone, Overlord  
  40  3:27  Drone  
  40  3:30  Drone  
  42  3:34  Drone  
  42  3:40  Drone, Ravager  
  44  3:45  Drone x2  
  46  3:49  Drone  
  46  3:51  Drone  
  46  3:55  Drone  
  47  4:01  Ravager  
  47  4:02  Overlord  
  48  4:03  Drone  
  49  4:12  Queen  
  49  4:13  Drone x2  
  49  4:32  Drone x3  
  49  4:36  Overlord  
  52  4:38  Drone x2  
  52  4:43  Overlord  
  54  4:46  Drone  
  54  4:51  Overlord  
  54  4:52  Drone x2  
  54  4:57  Overlord  
  54  4:58  Drone  
  52  5:04  Hatchery  
  52  5:15  Extractor  
Show
View Real Time Build Order
Export as new Build Order

Bunny Terran 

Build Orders: Reaper Expand 

Get SALT Encoding   

  12  0:00  SCV  
  13  0:12  SCV  
  14  0:16  Supply Depot  
  14  0:24  SCV  
  15  0:38  SCV  
  15  0:40  Barracks  
  16  0:42  Refinery  
  16  0:50  SCV  
  17  1:02  SCV  
  18  1:14  SCV  
  19  1:27  Orbital Command, Reaper  
  20  1:38  Command Center  
  20  1:48  Supply Depot  
  20  1:52  SCV  
  21  1:58  Marine  
  22  2:04  SCV  
  22  2:07  Factory  
  23  2:16  SCV  
  24  2:24  Barracks Reactor  
  24  2:28  SCV  
  23  2:32  Refinery, Bunker  
  23  2:41  SCV  
  26  2:51  Hellion  
  26  2:53  SCV  
  27  3:00  Orbital Command  
  27  3:07  Starport  
  27  3:11  SCV  
  28  3:14  Marine  
  28  3:15  Marine  
  30  3:20  Hellion  
  32  3:31  Marine  
  32  3:37  Marine  
  29  3:57  Orbital Command, Supply Depot  
  29  3:59  SCV  
  30  4:13  Viking  
  28  4:18  Hellion, Marine  
  28  4:20  SCV  
  22  4:32  SCV  
  22  4:33  SCV  
  22  4:36  Marine  
  23  4:45  Viking  
  14  4:54  Marine  
  12  5:00  SCV x2  

Tags
 
Add a new tag
Caveats
  • Supply blocks, unpowered buildings, or Contaminate may cause inaccurate times.
  • Supply counts are checked every 10 seconds.